 Dungeon Crawl Stone Soup version 0.31.0-1-g2c135a008e (webtiles) character file.

Game seed: 11307750733935698388

355 qw the Shooter (level 6, 0/48 HPs)
             Began as a Djinni Hunter on Jan 23, 2024.
             Slain by a lemure (3 damage)
             ... led by Pikel
             ... on level 4 of the Dungeon.
             The game lasted 00:00:12 (2894 turns).

qw the Shooter (Djinni Hunter)                      Turns: 2894, Time: 00:00:12

Health: 0/48       AC:  5    Str: 10    XL:     6   Next: 95%
Gold:   142        EV: 13    Int: 10    God:
                   SH:  0    Dex: 19

rFire   + + +        a - +1 shortbow
rCold   x . .        (shield currently unavailable)
rNeg    . . .        c - +0 leather armour
rPois   inf          (no helmet)
rElec   .            (no cloak)
rCorr   .            (no gloves)
SInv    .            (boots unavailable)
Will    .....        (no amulet)
Stlth   ++           h - ring of protection from fire
HPRegen 0.28/turn    (no ring)
MPRegen 0.00/turn

%: infuse magic (-1 HP)
@: flying
A: sickness immunity, fire resistance 2, cold vulnerability 1, float, innate
caster, HP casting, extra vitality 1, iridescent scales 1
a: no special abilities


You were on level 4 of the Dungeon.
You visited 1 branch of the dungeon, and saw 4 of its levels.

You collected 142 gold pieces.


Innate Abilities, Weirdness & Mutations

You are immune to sickness and miasma.
You are immune to poison.
Your flesh is very heat resistant. (rF++)
You are vulnerable to cold. (rC-)
You float through the air rather than walking.
You learn spells naturally, not from books.
Your magical power is your life essence.
You have superior vitality. (+4 MHP)
You are partially covered in iridescent scales. (AC +2)


   Skills:
 - Level 4.3 Fighting
 - Level 5.0 Ranged Weapons
 + Level 3.5 Dodging
 - Level 0.7 Stealth


You knew the following spells:

 Your Spells              Type           Power      Damage    Failure   Level
a - Apportation           Tloc           0%         N/A       45%         1
b - Call Imp              Summ           0%         N/A       61%         2
Your spell library was empty.

Inventory:

Hand Weapons
 a - a +1 shortbow (weapon)
Armour
 c - a +0 leather armour (worn)
 i - a +0 helmet
Jewellery
 h - a ring of protection from fire (left hand)
Scrolls
 k - 2 scrolls of identify
Potions
 b - 2 potions of curing
 d - a potion of enlightenment
 e - a potion of cancellation {unknown}
 f - a potion of heal wounds {unknown}
 g - a potion of attraction {unknown}
 j - a potion of brilliance {unknown}

Dungeon Overview and Level Annotations

Branches:
Dungeon (4/15)
 Temple: D:4-7

Altars:
Qazlal

Annotations:
D:4 Pikel


Message History

A lemure comes into view.
You shoot an arrow. The arrow closely misses the lemure.
The arrow hits Pikel but does no damage.
The orc hits you but does no damage.
You shoot an arrow.
The arrow hits Pikel but does no damage.
The orc barely misses you.
You shoot an arrow. The arrow hits the lemure!
You kill the lemure!
That felt strangely unrewarding.
Pikel hits you with a +1 whip of freezing.
Pikel freezes you. The orc hits you but does no damage.
You shoot an arrow. The arrow hits Pikel!
Pikel is moderately wounded.
Pikel closely misses you. The orc closely misses you.
The lemure hits you but does no damage.
You shoot an arrow. The arrow closely misses Pikel.
Pikel hits you with a +1 whip of freezing.
Pikel freezes you.
A lemure comes into view.
The orc closely misses you. The lemure barely misses you.
Pikel hits you with a +1 whip of freezing.
Pikel freezes you.
The orc hits you from afar with a +0 trident!
The lemure hits you.
You shoot an arrow. The lemure shouts!
The arrow hits Pikel.
Pikel is moderately wounded.
You hear a shout!
Pikel zaps a wand.
The bolt of light hits you!
You are confused.
The orc closely misses you. The lemure hits you!
2894 ||| DRINKING 3 potions of curing.
You feel better.
2894 ||| (to cure confusion) Pikel hits you with a +1 whip of freezing.
Pikel freezes you. The lemure hits you.
The orc hits you from afar with a +0 trident.
The lemure hits you.
You die...

.. #..... .. ......
. #+###....#
.........#### .
.......#..$.###..
.........o.......
.........5.5.... #
........@K...... ..
#.######....5......
..
+......#........##.
...
##.....#...........
..
.......'..........#
##.
..[....#...........
##..
.......##..........
.. ....
..................#
.......
..................#
..<...


You could see Pikel, 3 lemures and an orc.

Vanquished Creatures
  A water moccasin (D:4)
  A lemure (D:4)
  A hound (D:4)
  2 orc wizards (D:3)
  3 gnolls (D:2)
  5 adders
  2 dart slugs
  12 orcs
  6 endoplasms
  4 giant cockroaches
  4 hobgoblins
  4 jackals
  4 kobolds
  5 quokkas
  4 ball pythons
  6 bats
  3 frilled lizards
  9 goblins
  4 rats
80 creatures vanquished.

Notes
Turn   | Place    | Note
-------+----------+-------------------------------------------
     0 | D:1      | qw the Djinni Hunter began the quest for the Orb.
     0 | D:1      | Reached XP level 1. HP: 18/18 MP: 0/0
     0 | D:1      | 0 ||| qw: Version: 0.3-a-136-gdd3b4e8
     0 | D:1      | 0 ||| qw: Game counter: 1145
     0 | D:1      | 0 ||| qw: Melee chars always use a shield: true
     0 | D:1      | 0 ||| qw: God list: Okawaru
     0 | D:1      | 0 ||| qw: Allow faded altars: false
     0 | D:1      | 0 ||| qw: Do Orc after clearing Dungeon:15 true
     0 | D:1      | 0 ||| qw: Do second Lair branch before Depths: true
     0 | D:1      | 0 ||| qw: Lair rune preference: random
     0 | D:1      | 0 ||| qw: Goals: Normal
     0 | D:1      | 0 ||| PLANNING D:1-11
   210 | D:1      | Found a faded altar of an unknown god.
   212 | D:1      | Reached XP level 2. HP: 23/23 MP: 0/0
   526 | D:1      | 526 ||| READING scroll labelled LYUNUE KEKUCHE.
   527 | D:1      | 527 ||| DROPPING scroll of butterflies.
   544 | D:1      | Reached skill level 4 in Ranged Weapons
   544 | D:1      | Reached XP level 3. HP: 28/28 MP: 0/0
   544 | D:1      | Learned a level 1 spell: Apportation
   758 | D:1      | 758 ||| READING scroll labelled PAUNUEC MAV.
   758 | D:1      | 758 ||| ENCHANTING +0 shortbow.
   787 | D:2      | Found a stormy altar of Qazlal.
  1054 | D:2      | 1054 ||| UPGRADING to ring of protection from fire.
  1055 | D:2      | 1055 ||| READING scroll labelled SARHEUN TURPH.
  1056 | D:2      | 1056 ||| DRINKING 2 fuming cyan potions.
  1061 | D:2      | Reached XP level 4. HP: 34/34 MP: 0/0
  1063 | D:2      | Reached skill level 3 in Fighting
  1100 | D:2      | 1100 ||| DRINKING 2 metallic green potions.
  1100 | D:2      | Gained mutation: You are strong-willed. (Will+) [potion of
                  | mutation]
  1100 | D:2      | Gained mutation: Your mind is acute. (Int +4, Str/Dex -1)
                  | [potion of mutation]
  1101 | D:2      | 1101 ||| DRINKING potion of mutation.
  1101 | D:2      | Lost mutation: Your mind is acute. (Int +4, Str/Dex -1)
                  | [potion of mutation]
  1101 | D:2      | Lost mutation: You are strong-willed. (Will+) [potion of
                  | mutation]
  1101 | D:2      | Gained mutation: You are partially covered in iridescent
                  | scales. (AC +2) [potion of mutation]
  1368 | D:2      | Reached skill level 3 in Dodging
  1381 | D:2      | Reached XP level 5. HP: 40/40 MP: 0/0
  1381 | D:2      | Learned a level 2 spell: Call Imp
  1603 | D:3      | 1603 ||| STAIRDANCE
  2050 | D:3      | Reached skill level 5 in Ranged Weapons
  2050 | D:3      | Reached XP level 6. HP: 46/46 MP: 0/0
  2556 | D:3      | 2556 ||| READING scroll labelled UNWEDGH BUINUI.
  2557 | D:3      | 2557 ||| READING scroll labelled GIACWI UMYO.
  2557 | D:3      | 2557 ||| IDENTIFYING bubbling ruby potion
  2558 | D:3      | 2558 ||| READING scroll labelled QINAPIGRES.
  2562 | D:3      | 2562 ||| READING scroll labelled GIETHR JERGHIU.
  2684 | D:4      | Noticed a water moccasin
  2704 | D:4      | Killed a water moccasin
  2883 | D:4      | Noticed Pikel
  2893 | D:4      | HP: 10/48 [lemure[Pikel] (7)]
  2894 | D:4      | 2894 ||| DRINKING 3 potions of curing.
  2894 | D:4      | 2894 ||| (to cure confusion)
  2894 | D:4      | HP: 3/48 [orc/+0 trident (3)]
  2894 | D:4      | Slain by a lemure

Levels and vault maps discovered:
D:1:      dpeg_arrival_water_temple_mockup, layout_loops_ring,
          dreamdust_ecumenical_altar_angels_and_demons, hangedman_glass_teeth,
          roderic_serpentine_path, minmay_tromino_i2
D:2:      minmay_alternating_diamond, layout_basic, basic_altar, wad_orctagon
D:3:      layout_loops_corners
D:4:      layout_basic, minmay_fountain_box, minmay_vboxes, uniq_pikel

Skill      XL: |  1  2  3  4  5  6 |
---------------+-------------------+-----
Ranged Weapons | 4 5 |  5.0
Fighting       | 3 4 |  4.3
Dodging        | 3 |  3.5
Stealth        | |  0.7

Action                     |  1- 3 |  4- 6 || total
---------------------------+-------+-------++-------
   Fire: Shortbow          |    80 |   184 ||   264
    Use: Scroll            |     3 |     4 ||     7
         Potion            |     1 |     3 ||     4
 Armour: Leather armour    |    27 |    62 ||    89
  Dodge: Dodged            |    41 |    78 ||   119

Table legend:
 A = Non-vault XP
 B = Vault XP
 C = Vault XP percentage of total XP
 D = Non-vault monster count
 E = Vault monster count
 F = Vault count percentage of total count
                 A         B        C        D         E       F
            +---------+---------+-------+---------+---------+-------
      Total |     473 |      35 |   6.9 |      65 |      14 |  17.7
            +---------+---------+-------+---------+---------+-------
        D:1 |      36 |       4 |  10.0 |      20 |       2 |   9.1
        D:2 |      99 |      16 |  13.9 |      22 |       6 |  21.4
        D:3 |     140 |       0 |   0.0 |      19 |       0 |   0.0
        D:4 |     198 |      15 |   7.0 |       4 |       6 |  60.0
            +---------+---------+-------+---------+---------+-------
